AoeStats
← carl123

MegaRandom

508698653Analyzed
4v4 RM · 10d ago on Sep 23, 2026· 44m 2s· 8 players
Game mode
Random Map
Map size
Large (8 player)
Population
200
Speed
Normal
Resources
Standard
Victory
Conquest
Starting age
Dark Age
Ending age
Imperial Age
RankedLock teamsTeams togetherTeam positionsShared explorationLock speedFull tech treeHidden civsTurbo modeCheats
Victory
Defeat
🇩🇰 Inca · Denmark
1337
+14
🇩🇰 Malay · Denmark
1282
+16
🇩🇰 Wu · Denmark
1223
+18
🇩🇰 Spanish · Denmark
1222
+18
🇲🇽 Magyars · Mexico
1296
-17
🇬🇧 Mongols · United Kingdom
1294
-17
🇯🇵 Turks · Japan
1262
-16
🇮🇳 Vietnamese · India
1261
-16
Sheepeehs
6:18 Loom
8:31 Feudal Age
9:06 Double-Bit Axe
14:18 Horse Collar
17:12 Wheelbarrow
24:31 Castle Age
24:03 Stone Mining
25:55 Fletching
26:07 Padded Archer Armor
28:40 Bodkin Arrow
29:02 Leather Archer Armor
32:11 Hand Cart
32:39 Town Watch
34:26 Ballistics
38:56 Imperial Age
39:58 Conscription
43:54 Chemistry
SKULLBLAZER
10:29 Feudal Age
14:16 Castle Age
14:00 Double-Bit Axe
14:41 Loom
20:34 Fletching
22:03 Bodkin Arrow
25:01 Padded Archer Armor
27:01 Scale Mail Armor
28:02 Chain Mail Armor
27:57 Squires
Nova_Wolf
6:46 Loom
9:34 Feudal Age
11:57 Double-Bit Axe
14:03 Fletching
23:19 Castle Age
21:57 Padded Archer Armor
22:23 Horse Collar
24:41 Bodkin Arrow
24:39 Pikeman
26:47 Gold Mining
36:11 Ballistics
44:40 Imperial Age
KJI
7:23 Loom
10:04 Feudal Age
12:23 Stone Mining
12:52 Double-Bit Axe
14:45 Horse Collar
24:30 Castle Age
26:41 Wheelbarrow
26:05 Gold Mining
26:31 Bloodlines
29:36 Gold Shaft Mining
34:15 Bow Saw
36:57 Imperial Age
35:48 Padded Archer Armor
36:18 Heavy Plow
38:16 Conscription
39:04 Leather Archer Armor
43:59 Fletching
44:40 Ring Archer Armor
superpwn
7:54 Loom
10:17 Feudal Age
12:25 Double-Bit Axe
12:31 Gold Mining
14:21 Town Watch
19:50 Castle Age
18:11 Stone Mining
19:52 Wheelbarrow
22:28 Scale Mail Armor
22:39 Forging
26:12 Bow Saw
26:30 Horse Collar
28:21 Hand Cart
28:51 Chain Mail Armor
30:19 Iron Casting
30:26 Squires
30:13 Arson
30:43 Gold Mining
34:46 Imperial Age
34:01 Heavy Plow
34:06 Town Patrol
35:00 Elite Kamayuk
38:02 Plate Mail Armor
38:47 Fabric Shields
39:56 Conscription
42:39 Chemistry
42:02 Ballistics
41:52 Masonry
42:42 Siege Engineers
ANALOG-FAR
6:25 Loom
6:47 Loom
9:28 Feudal Age
9:59 Double-Bit Axe
10:01 Horse Collar
18:41 Forging
21:05 Castle Age
19:59 Forging
21:46 Bloodlines
21:57 Scale Mail Armor
22:05 Scale Barding Armor
23:04 Husbandry
24:55 Bow Saw
28:35 Chain Barding Armor
29:16 Wheelbarrow
38:13 Imperial Age
37:22 Fletching
38:37 Iron Casting
39:31 Plate Barding Armor
38:29 Heavy Hei Guang Cavalry
43:17 Blast Furnace
carl123
10:06 Feudal Age
10:47 Horse Collar
11:12 Double-Bit Axe
12:25 Bloodlines
12:18 Loom
14:38 Scale Barding Armor
15:56 Forging
21:47 Castle Age
20:02 Scale Mail Armor
22:34 Husbandry
22:56 Chain Barding Armor
22:48 Gold Mining
23:41 Heavy Plow
25:30 Iron Casting
28:36 Wheelbarrow
28:43 Town Watch
34:53 Hand Cart
38:02 Imperial Age
38:09 Cavalier
39:26 Plate Barding Armor
39:51 Blast Furnace
41:24 Paladin
Raven
6:51 Loom
9:30 Feudal Age
7:48 Loom
9:20 Double-Bit Axe
15:12 Fletching
15:22 Padded Archer Armor
24:22 Castle Age
22:15 Horse Collar
23:22 Crossbowman
24:05 Bodkin Arrow
25:18 Bow Saw
27:25 Leather Archer Armor
27:48 Thumb Ring
30:32 Wheelbarrow
31:40 Heavy Plow
38:35 Imperial Age
37:59 Ballistics
38:33 Hand Cart
38:55 Bracer
40:08 Conscription
40:55 Forging
41:35 Town Watch
44:00 Ring Archer Armor
42:59 Arbalester
Connection lost

Rejoining the realm…

Still unreachable

The connection could not be restored.

Session expired

The server has moved on; the page needs a fresh start.